 Dungeon Crawl Stone Soup version 0.20.1-1-g8b1a95d (webtiles) character file.

354 Irenicus the Insei (level 6, -5/42 HPs)
             Began as an Octopode Chaos Knight on Oct 27, 2017.
             Slain by a small abomination (19 damage)
             ... summoned by the capriciousness of Xom
             ... on level 3 of the Dungeon.
             The game lasted 00:08:27 (1869 turns).

Irenicus the Insei (Octopode Chaos Knight)          Turns: 1869, Time: 00:08:27

Health: -5/42      AC:  1    Str: 10    XL:     6   Next: 62%
Magic:  6/6        EV: 13    Int: 14    God:    Xom [*.....]
Gold:   186        SH:  0    Dex: 11    Spells: 5/5 levels left

rFire    . . .     SeeInvis .     - Unarmed
rCold    . . .     Gourm    .   (no shield)
rNeg     . . .     Faith    .   (helmet restricted)
rPois    .         Spirit   .   (no amulet)
rElec    .         Reflect  .   b - ring of stealth
rCorr    .         Harm     .   (no ring)
MR       +....                  (no ring)
Stlth    +++.......             (no ring)
Regen    0.2/turn               (no ring)
MPRegen  0.1/turn               (no ring)
                                (no ring)
                                (no ring)

@: no status effects
A: almost no armour, stealthy swim, amphibious, 8 rings, constrict 8, camouflage
1, blurry vision 1, clumsy 1, magic resistance 1, weak 1, gelatinous body 1
a: Renounce Religion


You were on level 3 of the Dungeon.
You worshipped Xom.
You were a special plaything of Xom.
You were not hungry.

You visited 1 branch of the dungeon, and saw 3 of its levels.

You collected 186 gold pieces.

Inventory:

Missiles
 p - 8 tomahawks of returning (quivered)
Armour
 e - a +0 buckler
Jewellery
 b - a ring of stealth (left tentacle)
Wands
 k - a wand of digging (2/24)
Scrolls
 c - 8 scrolls of remove curse
 d - 2 scrolls of noise {unknown}
 f - 2 scrolls of amnesia {unknown}
 g - 6 scrolls of identify
 h - a scroll of magic mapping {unknown}
 i - a scroll of enchant weapon {unknown}
 j - 3 scrolls of teleportation {unknown}
 m - a scroll of recharging {unknown}
 o - a scroll of fear {unknown}
Potions
 l - a potion of mutation
 n - a potion of flight
Comestibles
 a - 3 bread rations
 q - a royal jelly


   Skills:
 - Level 3.0 Fighting
 - Level 2.3 Dodging
 + Level 7.2 Unarmed Combat


You had 5 spell levels left.
You didn't know any spells.

Dungeon Overview and Level Annotations

Branches:
Dungeon (3/15)

Altars:
Vehumet
Zin


Innate Abilities, Weirdness & Mutations

You cannot wear most types of armour.
You are very stealthy in the water. (Stealth+)
You are amphibious.
You can wear up to eight rings at the same time.
You can use your tentacles to constrict eight enemies at once.
Your skin changes colour to match your surroundings (Stealth+).
Your rubbery body absorbs attacks. (AC +1, EV +1)
Scrolls take you a little longer to read.
You are clumsy. (Dex -2)
You are resistant to hostile enchantments. (MR+)
You are weak. (Str -2)


Message History

You butcher the frilled lizard corpse.
r - a chunk of flesh You see here a frilled lizard skeleton. x2
Eating a chunk of flesh.
You eat the chunk of flesh.
This raw flesh tastes terrible.
Xom's attention turns to you for a moment.
A chorus of moans calls out to you!
The small abomination closely misses you.
The small abomination hits you!
Press: ? - help, v - describe, . - travel
Here: a small abomination (summoned)
The floor.
The small abomination hits you! The small abomination hits you!
Okay, then.
Okay, then.
Okay, then.
The small abomination barely misses you.
The small abomination hits you!!
You die...

.....##.#######.#
##.#.##.# #.######
#.#.##.# #......#
..#.##.# #.####.#
####.##.# #......#
####รท##.#######.#<##.#
.....##.........#.##.#
####..........###.##.#
.......#######.x@.##.#
...>...#### #x#####.#
####......# #.# #.#
#....##.# #.# #.# #
#.##.##.####.#####.#
###. #............)..#
.##.#####.#.########.#
....# #.#.# .##..#
#.#.#


You could see 2 small abominations.

Vanquished Creatures
  Sigmund (D:2)
  Natasha (thrice) (D:2)
  Robin (D:2)
  2 adders (D:2)
  2 oozes
  A dart slug (D:2)
  4 leopard geckos
  An orc (D:3)
  14 bats
  2 giant cockroaches
  13 goblins
  8 hobgoblins
  3 jackals (D:1)
  A quokka (D:2)
  5 frilled lizards
  7 kobolds
68 creatures vanquished.

Notes
Turn   | Place    | Note
-------+----------+-------------------------------------------
     0 | D:1      | Irenicus the Octopode Chaos Knight began the quest for the Orb.
     0 | D:1      | Reached XP level 1. HP: 16/16 MP: 1/1
    57 | D:1      | XOM: butterfly on damage
   106 | D:1      | XOM: potion effect (agility)
   111 | D:1      | Reached XP level 2. HP: 4/21 MP: 2/2
   111 | D:1      | XOM: divination: detect creatures
   255 | D:1      | Reached skill level 4 in Unarmed Combat
   279 | D:1      | Reached XP level 3. HP: 10/26 MP: 3/3
   400 | D:1      | XOM: give mutations
   400 | D:1      | Gained mutation: You are weak. (Str -2) [Xom's mischief]
   400 | D:1      | Gained mutation: You are resistant to hostile enchantments. (MR+) [Xom's mischief]
   400 | D:1      | Gained mutation: You are clumsy. (Dex -2) [Xom's mischief]
   400 | D:1      | Gained mutation: Scrolls take you a little longer to read. [Xom's mischief]
   839 | D:2      | Noticed Robin
   870 | D:2      | Reached XP level 4. HP: 12/31 MP: 4/4
   881 | D:2      | Killed Robin
   883 | D:2      | Reached skill level 5 in Unarmed Combat
   893 | D:2      | Noticed Natasha
   901 | D:2      | Killed Natasha
  1046 | D:2      | Noticed Natasha
  1050 | D:2      | Killed Natasha
  1050 | D:2      | Reached XP level 5. HP: 22/36 MP: 5/5
  1056 | D:2      | Noticed Sigmund
  1196 | D:2      | XOM: harmless Fire miscast
  1228 | D:2      | Killed Sigmund
  1228 | D:2      | Reached skill level 7 in Unarmed Combat
  1228 | D:2      | Reached XP level 6. HP: 42/42 MP: 6/6
  1388 | D:2      | Noticed Natasha
  1398 | D:2      | Killed Natasha
  1505 | D:3      | XOM: mild Tmut miscast
  1543 | D:3      | Found a radiant altar of Vehumet.
  1557 | D:3      | Found a glowing silver altar of Zin.
  1853 | D:3      | XOM: medium Summ miscast
  1854 | D:3      | Noticed a small abomination
  1854 | D:3      | Noticed a small abomination
  1869 | D:3      | Slain by a small abomination

Skill      XL: |  1  2  3  4  5 |
---------------+----------------+-----
Unarmed Combat | 4 5 7 |  7.2
Fighting       | |  3.0
Dodging        | |  2.3

Action                   |  1- 3 |  4- 6 || total
-------------------------+-------+-------++-------
Melee: Unarmed           |    89 |    87 ||   176
       Constrict         |    23 |    22 ||    45
       Tentacles         |    10 |    10 ||    20
       Punch             |     1 |     3 ||     4
Throw: Tomahawk          |       |     1 ||     1
  Use: Potion            |     1 |     3 ||     4
       Scroll            |       |     4 ||     4
 Stab: Sleeping          |    11 |     6 ||    17
       Invisible         |       |     1 ||     1
  Eat: Chunk             |       |     3 ||     3
Armor: Skin              |     5 |     9 ||    14
Dodge: Dodged            |    69 |    53 ||   122
